 Dungeon Crawl Stone Soup version 0.30.1-11-g7821555f0a (webtiles) character file.

Game seed: 1502924377712744815

3418 GimliDwarf the Magician (level 10, -17/77 HPs)
             Began as a Gnoll Warper on Jan 8, 2024.
             Was a Priest of Okawaru.
             Shot with an arrow by a centaur warrior (23 damage)
             ... on level 9 of the Dungeon.
             The game lasted 00:19:04 (8498 turns).

GimliDwarf the Magician (Gnoll Warper)              Turns: 8498, Time: 00:19:05

Health: -17/77     AC: 14    Str: 10    XL:     10   Next: 5%
Magic:  14/20      EV: 15    Int: 13    God:    Okawaru [***...]
Gold:   339        SH:  0    Dex: 16    Spells: 10/23 levels left

rFire   . . .        a - +3 falchion (protect)
rCold   . . .        (no shield)
rNeg    + . .        r - +3 leather armour {rN+}
rPois   .            (no helmet)
rElec   .            g - +0 cloak
rCorr   .            (no gloves)
SInv    .            l - +1 pair of boots
Will    .....        (no amulet)
Stlth   +++          o - +4 ring of protection
HPRegen 0.32/turn    (no ring)
MPRegen 0.17/turn

%: no passive effects
@: no status effects
A: fangs 1, strong nose, distributed training
a: Renounce Religion, Heroism


You were on level 9 of the Dungeon.
You worshipped Okawaru.
Okawaru was most pleased with you.
You visited 2 branches of the dungeon, and saw 10 of its levels.

You collected 570 gold pieces.
You spent 231 gold pieces at shops.

Inventory:

Hand Weapons
 a - a +3 falchion of protection (weapon)
Missiles
 d - 3 boomerangs
 v - 3 poisoned darts
 y - a curare-tipped dart
Armour
 g - a +0 cloak (worn)
 l - a +1 pair of boots (worn)
 r - a +3 leather armour of positive energy (worn)
 u - the +6 plate armour of the Sun {rF+}
   (You found it on level 3 of the Dungeon)

   rF:        It protects you from fire.
Jewellery
 o - a +4 ring of protection (left hand)
Wands
 b - a wand of light (6)
 q - a wand of flame (21)
 t - a wand of iceblast (8)
 w - a wand of mindburst (5)
Scrolls
 f - 5 scrolls of teleportation
 k - 4 scrolls of brand weapon
 x - a scroll of identify
Potions
 e - 2 potions of haste
 h - 2 potions of flight
 i - a potion of might
 j - a potion of brilliance
 m - a potion of invisibility {unknown}
 n - a potion of heal wounds {unknown}
 p - 3 potions of curing
 s - a potion of degeneration {unknown}


   Skills:
 + Level 6.9 Fighting
 + Level 5.0 Short Blades
 + Level 6.9 Long Blades
 + Level 5.0 Axes
 + Level 5.0 Maces & Flails
 + Level 5.0 Polearms
 + Level 5.0 Staves
 + Level 5.0 Ranged Weapons
 + Level 5.7 Throwing
 + Level 5.7 Armour
 + Level 6.9 Dodging
 + Level 5.0 Stealth
 + Level 5.0 Shields
 + Level 5.0 Unarmed Combat
 + Level 7.2 Spellcasting
 + Level 4.1 Conjurations
 + Level 4.1 Hexes
 + Level 4.1 Summonings
 + Level 4.1 Necromancy
 + Level 7.0 Translocations
 + Level 4.1 Transmutations
 + Level 4.1 Fire Magic
 + Level 4.1 Ice Magic
 + Level 4.1 Air Magic
 + Level 4.1 Earth Magic
 + Level 4.1 Poison Magic
 + Level 5.5 Invocations
 + Level 5.0 Evocations


You had 10 spell levels left.
You knew the following spells:

 Your Spells              Type           Power      Damage    Failure   Level
a - Blink                 Tloc           44%        N/A       1%          2
b - Vhi's Electric Charg  Tloc/Air       38%        N/A       6%          3
c - Manifold Assault      Tloc           22%        N/A       11%         4
d - Iskenderun's Mystic   Conj/Tloc      19%        2d6       19%         4

Your spell library contained the following spells:

 Spells                   Type           Power      Damage    Failure   Level
 Lesser Beckoning         Tloc           44%        N/A       1%          2
 Shock                    Conj/Air       60%        1d6       3%          1
 Slow                     Hex            60%        N/A       3%          1
 Teleport Other           Tloc           22%        N/A       3%          3
 Sublimation of Blood     Necr           15%        N/A       5%          2
 Volatile Blastmotes      Fire/Tloc      38%        2d13      6%          3
 Confusing Touch          Hex            15%        N/A       11%         3
 Dazzling Flash           Conj/Hex       30%        N/A       11%         3
 Swiftness                Air            15%        N/A       11%         3
 Vampiric Draining        Necr           15%        2d7       11%         3
 Passage of Golubria      Tloc           22%        N/A       11%         4
 Airstrike                Air            7%         2d(2-18)  34%         4
 Petrify                  Tmut/Erth      15%        N/A       34%         4
 Irradiate                Conj/Tmut      7%         3d14      67%         5
 Silence                  Hex/Air        7%         N/A       67%         5
 Starburst                Conj/Fire      7%         6d4       99%         6
 Lehudib's Crystal Spear  Conj/Erth      7%         10d3      100%        8


Dungeon Overview and Level Annotations

Branches:
Dungeon (9/15)             Temple (1/1) D:7
   Lair: D:8-11         Orc: D:9-12

Altars:
Ashenzari
Cheibriados
Dithmenos
Elyvilon
Fedhas
Gozag
Hepliaklqana
Makhleb
Nemelex Xobeh
Okawaru
Qazlal
Ru
Trog
Uskayaw
Wu Jian
Xom
Yredelemnul
Zin
The Shining One

Shops:
D:6 [

Annotations:
D:5 3 runed translucent doors, ritesign's ghost, amateur DgCj
D:6 1 runed translucent door


Innate Abilities, Weirdness & Mutations

You have very sharp teeth.
Your uncanny sense of smell can sniff out nearby items.
Your experience applies equally to all skills.


Message History

The centaur warrior shoots an arrow.
The arrow barely misses you.
There is an open door, spattered with blood here.
The centaur warrior shoots an arrow.
The arrow hits you!
* * * LOW HITPOINT WARNING * * *
You close the door.
A centaur warrior breaks down the door.
There is an open door, spattered with blood here.
Items here: ))) [ ††.
You close the door, pushing everything out of the way.
A centaur warrior breaks down the door.
The centaur warrior shoots an arrow.
The arrow hits you!
* * * LOW HITPOINT WARNING * * *
Charge where?
Press: ? - help, Q - select action, (/) - cycle Dir - move target, f/p - centaur warrior
Aim: a centaur warrior, wielding a +0 shortbow (lightly wounded, 89% to hit)
You charge forward with an electric crackle!
You barely miss the centaur warrior.
The centaur warrior is lightly wounded.
The centaur warrior unwields a +0 shortbow.
The centaur warrior closely misses you.
The centaur warrior kicks you but does no damage.
You hit the centaur warrior.
Your weapon exudes an aura of protection.
You bite the centaur warrior, but do no damage.
The centaur warrior is moderately wounded.
The centaur warrior hits you but does no damage.
The centaur warrior misses you.
The centaur warrior hits you but does no damage.
The centaur warrior kicks you but does no damage.
Blink to where?
Press: ? - help, Dir - move target, p - centaur warrior
As you read the scroll of blinking, it crumbles to dust.
The centaur warrior wields a +0 shortbow.
The centaur warrior shoots an arrow.
The arrow closely misses you.
You hear a bellow!
As you close the door, it creaks loudly!
A centaur warrior opens the door.
The centaur warrior shoots an arrow.
The arrow completely misses you.
The centaur warrior shoots an arrow.
The arrow hits you!!
You die...

........# #.#.....#.#######)##
........# #.#.###.#..#<.......
........# #.#........#........
........# #.#######...........
........# #.#.....#.##>.....<.
........######.#.###.#.##....>...
.......)##..c'.#.#.#...##........
.......)§..###.#)#.######........
.......c#### #..@......##........
........# #######+####........
######Y## ##.."#### #...# ###..#
####'##### #....... .........#
#.....). ....Y....# #.......
.........# +....... ....[...Y#
#.......


You could see a centaur warrior.

Vanquished Creatures
  A boulder beetle (D:7)
  Prince Ribbit (D:6)
  A wyvern (D:7)
  A steam dragon (D:7)
  An ice beast (D:7)
  A sky beast (D:6)
  3 orc warriors
  2 ogres
  2 centaurs (D:8)
  A kobold brigand (D:9)
  A gnoll sergeant (D:8)
  4 bullfrogs
  5 scorpions
  3 wights (D:9)
  3 killer bees
  A lava snake (D:8)
  4 hounds
  3 sleepcaps
  An orc priest (D:8)
  2 jellies (D:7)
  3 orc wizards
  9 gnolls
  4 adders
  2 ufetubi
  A worm (D:2)
  A dart slug (D:3)
  20 orcs
  6 ball pythons
  4 endoplasms
  2 giant cockroaches (D:1)
  5 hobgoblins
  3 quokkas
  2 bats (D:1)
  3 frilled lizards
  7 goblins
  9 kobolds
  5 rats
127 creatures vanquished.

Vanquished Creatures (others)
  A sky beast (D:7)
  An iguana (D:7)
  An orc wizard (D:6)
3 creatures vanquished.

Grand Total: 130 creatures vanquished

Notes
Turn   | Place    | Note
-------+----------+-------------------------------------------
     0 | D:1      | GimliDwarf the Gnoll Warper began the quest for the Orb.
     0 | D:1      | Reached XP level 1. HP: 20/20 MP: 6/6
   118 | D:1      | Reached XP level 2. HP: 21/26 MP: 7/7
   265 | D:1      | Found a faded altar of an unknown god.
   652 | D:2      | Reached skill level 5 in Spellcasting
   652 | D:2      | Reached XP level 3. HP: 27/31 MP: 7/9
   733 | D:2      | Reached skill level 1 in Invocations
   829 | D:2      | Reached skill level 1 in Short Blades
   829 | D:2      | Reached skill level 1 in Axes
   829 | D:2      | Reached skill level 1 in Maces & Flails
   829 | D:2      | Reached skill level 1 in Polearms
   829 | D:2      | Reached skill level 1 in Staves
   829 | D:2      | Reached skill level 1 in Ranged Weapons
   829 | D:2      | Reached skill level 1 in Stealth
   829 | D:2      | Reached skill level 1 in Shields
   829 | D:2      | Reached skill level 1 in Unarmed Combat
   829 | D:2      | Reached skill level 1 in Evocations
  1494 | D:3      | Reached XP level 4. HP: 35/38 MP: 11/11
  1660 | D:3      | Found a blossoming altar of Fedhas.
  1838 | D:3      | Identified the +6 plate armour of the Sun {rF+}
  2037 | D:3      | Noticed an ogre
  2064 | D:3      | Killed an ogre
  2065 | D:3      | Reached skill level 1 in Conjurations
  2065 | D:3      | Reached skill level 1 in Hexes
  2065 | D:3      | Reached skill level 1 in Summonings
  2065 | D:3      | Reached skill level 1 in Necromancy
  2065 | D:3      | Reached skill level 1 in Transmutations
  2065 | D:3      | Reached skill level 1 in Fire Magic
  2065 | D:3      | Reached skill level 1 in Ice Magic
  2065 | D:3      | Reached skill level 1 in Air Magic
  2065 | D:3      | Reached skill level 1 in Earth Magic
  2065 | D:3      | Reached skill level 1 in Poison Magic
  2065 | D:3      | Reached XP level 5. HP: 30/43 MP: 12/12
  2376 | D:4      | Noticed an ogre
  2517 | D:4      | Found an opulent altar of Gozag.
  2517 | D:4      | Found a shimmering altar of Xom.
  2525 | D:4      | Found a faded altar of an unknown god.
  2527 | D:4      | Found a bloodstained altar of Trog.
  2529 | D:4      | Found a faded altar of an unknown god.
  2573 | D:4      | Killed an ogre
  2574 | D:4      | Reached skill level 5 in Fighting
  2574 | D:4      | Reached skill level 5 in Long Blades
  2574 | D:4      | Reached skill level 5 in Dodging
  2574 | D:4      | Reached XP level 6. HP: 51/51 MP: 14/14
  2680 | D:4      | Found a glowing golden altar of the Shining One.
  2682 | D:4      | Found a white marble altar of Elyvilon.
  2683 | D:4      | Found a glowing silver altar of Zin.
  3157 | D:5      | Entered Level 5 of the Dungeon
  3355 | D:5      | Found a runed translucent gate.
  3355 | D:5      | Found a runed translucent gate.
  3355 | D:5      | Found a runed translucent gate.
  3364 | D:5      | Noticed ritesign's ghost (amateur DgCj)
  3380 | D:5      | Reached XP level 7. HP: 54/56 MP: 15/15
  3537 | D:5      | Found a broken altar of Ashenzari.
  4165 | D:6      | Noticed Prince Ribbit
  4173 | D:6      | Killed Prince Ribbit
  4304 | D:5      | Reached XP level 8. HP: 33/63 MP: 16/16
  4553 | D:6      | Found a runed translucent door.
  4965 | D:6      | Found Vegid's Armour Emporium.
  4968 | D:6      | Bought a +3 leather armour of positive energy for 231 gold
                  | pieces
  4982 | D:6      | Learned a level 2 spell: Blink
  4986 | D:6      | Learned a level 3 spell: Vhi's Electric Charge
  4991 | D:6      | Learned a level 4 spell: Manifold Assault
  5463 | D:7      | Found an iron altar of Okawaru.
  5486 | D:7      | Became a worshipper of Warmaster Okawaru
  5521 | D:7      | Noticed a boulder beetle
  5542 | D:7      | Killed a boulder beetle
  5542 | D:7      | Reached * piety under Okawaru
  5543 | D:7      | Reached XP level 9. HP: 58/69 MP: 18/18
  5599 | D:7      | Reached ** piety under Okawaru
  5835 | D:7      | Reached skill level 5 in Throwing
  5835 | D:7      | Reached skill level 5 in Armour
  5920 | D:7      | Found a staircase to the Ecumenical Temple.
  5991 | D:7      | Found a sacrificial altar of Ru.
  6181 | D:7      | Learned a level 4 spell: Iskenderun's Mystic Blast
  6553 | Temple   | Entered the Ecumenical Temple
  6788 | D:8      | Reached skill level 5 in Invocations
  6921 | D:8      | Reached *** piety under Okawaru
  7007 | D:8      | Found a burning altar of Makhleb.
  7236 | D:8      | Found a sparkling altar of Nemelex Xobeh.
  7236 | D:8      | Found a hazy altar of Hepliaklqana.
  8283 | D:9      | Reached skill level 5 in Short Blades
  8283 | D:9      | Reached skill level 5 in Axes
  8283 | D:9      | Reached skill level 5 in Maces & Flails
  8283 | D:9      | Reached skill level 5 in Polearms
  8283 | D:9      | Reached skill level 5 in Staves
  8283 | D:9      | Reached skill level 5 in Ranged Weapons
  8283 | D:9      | Reached skill level 5 in Stealth
  8283 | D:9      | Reached skill level 5 in Shields
  8283 | D:9      | Reached skill level 5 in Unarmed Combat
  8283 | D:9      | Reached skill level 5 in Evocations
  8283 | D:9      | Reached XP level 10. HP: 75/77 MP: 20/20
  8474 | D:9      | Noticed a centaur warrior
  8498 | D:9      | Shot with an arrow by a centaur warrior

Illustrated notes

Levels and vault maps discovered:
D:1:      shiori_arrival_maze, layout_rooms,
          shapermc_ecumenical_altar_totnotflames, minmay_misc_feat_enclosed
D:2:      layout_basic, serial_bayou_lake_a
D:3:      layout_basic, fedhas_altar_fruit_tree
D:4:      layout_basic, good_gods_temple_1, chequers_temple_overflow_minitemple,
          kennysheep_small_square
D:5:      layout_basic, ashenzari_conservatory_becter, ebering_ghost_rock_garden
D:6:      layout_basic, serial_shops, nicolae_shop_tiny_real_fake_doors,
          dreamdust_princess_corridor, lightli_church_of_beogh,
          uniq_prince_ribbit1
D:7:      layout_rooms, okawaru_trees_2, general_overflow_altar,
          minmay_temple_entry_statues_fountains, minmay_starry_boxes
D:8:      layout_layer_cave, nicolae_overflow_two_pavilions,
          lightli_temple_of_fire, hangedman_decor_push
D:9:      layout_roguey
Temple:   hellmonk_temple_two_chambers

Skill      XL: |  1  2  3  4  5  6  7  8  9 10 |
---------------+-------------------------------+-----
Spellcasting   | 5 6 7 |  7.2
Invocations    | 1 2 3 4 5 |  5.5
Short Blades   | 1 2 3 5 |  5.0
Axes           | 1 2 3 5 |  5.0
Maces & Flails | 1 2 3 5 |  5.0
Polearms       | 1 2 3 5 |  5.0
Staves         | 1 2 3 5 |  5.0
Ranged Weapons | 1 2 3 5 |  5.0
Stealth        | 1 2 3 5 |  5.0
Shields        | 1 2 3 5 |  5.0
Unarmed Combat | 1 2 3 5 |  5.0
Evocations     | 1 2 3 5 |  5.0
Throwing       | 3 4 5 |  5.7
Armour         | 3 4 5 |  5.7
Conjurations   | 1 2 3 4 |  4.1
Hexes          | 1 2 3 4 |  4.1
Summonings     | 1 2 3 4 |  4.1
Necromancy     | 1 2 3 4 |  4.1
Transmutations | 1 2 3 4 |  4.1
Fire Magic     | 1 2 3 4 |  4.1
Ice Magic      | 1 2 3 4 |  4.1
Air Magic      | 1 2 3 4 |  4.1
Earth Magic    | 1 2 3 4 |  4.1
Poison Magic   | 1 2 3 4 |  4.1
Fighting       | 5 6 |  6.9
Long Blades    | 5 6 |  6.9
Dodging        | 5 6 |  6.9
Translocations | 6 7 |  7.0

Action                     |  1- 3 |  4- 6 |  7- 9 | 10-12 || total
---------------------------+-------+-------+-------+-------++-------
  Melee: Falchion          |   117 |   118 |   317 |    28 ||   580
         Bite              |     9 |    12 |    36 |     4 ||    61
         Punch             |       |     1 |     9 |     1 ||    11
  Throw: Dart              |       |     7 |    11 |       ||    18
         Boomerang         |       |     5 |     4 |       ||     9
   Cast: Vhi's Electric Ch |       |       |    17 |     5 ||    22
         Manifold Assault  |       |       |     6 |       ||     6
         Iskenderun's Myst |       |       |       |     1 ||     1
  Evoke: Wand              |       |     2 |     9 |       ||    11
    Use: Scroll            |       |    13 |     3 |     1 ||    17
 Armour: Leather armour    |    31 |     1 |   118 |    14 ||   164
         Plate armour      |       |   116 |   104 |       ||   220
  Dodge: Dodged            |    76 |    20 |   199 |    23 ||   318
